 Dungeon Crawl Stone Soup version 0.32-a0-172-gc5dd13f2a7 (webtiles) character file.

Game seed: 15392995559155251500

4630 lunkers the Arsonist (level 10, -6/81 HPs)
             Began as an Oni Fire Elementalist on Feb 13, 2024.
             Was a Believer of Vehumet.
             Shot with an arrow by a centaur (11 damage)
             ... on level 9 of the Dungeon.
             The game lasted 00:15:08 (9349 turns).

lunkers the Arsonist (Oni Fire Elementalist)        Turns: 9349, Time: 00:15:08

Health: -6/81      AC:  3    Str: 18    XL:     10   Next: 42%
Magic:  11/23      EV:  9    Int: 20    God:    Vehumet [**....]
Gold:   506        SH:  5    Dex:  9    Spells: 21/28 levels left

rFire   . . .        b - +8 dagger "Noeweot" {holy, Str+4}
rCold   . . .        (no shield)
rNeg    . . .        a - +0 robe
rPois   .            (helmet restricted)
rElec   .            (no cloak)
rCorr   .            (gloves unavailable)
SInv    .            (boots unavailable)
Will    ++...        h - amulet of reflection
Stlth   +            v - ring of willpower
HPRegen 0.33/turn    (no ring)
MPRegen 0.18/turn

%: reflection
@: about to teleport, studying Armour
A: large, unfitting armour, horns 1, tough skin 1, double potion healing,
drunken brawling
a: Renounce Religion


You were on level 9 of the Dungeon.
You worshipped Vehumet.
Vehumet was pleased with you.
You visited 2 branches of the dungeon, and saw 10 of its levels.
You also visited: Bailey.

You collected 506 gold pieces.

Inventory:

Hand Weapons
 b - the +8 dagger "Noeweot" (weapon) {holy, Str+4}
   (You found it on level 3 of the Dungeon)

   Str+4:     It affects your strength (+4).
 c - a +1 dagger
Armour
 a - a +0 robe (worn)
 d - an orb of mayhem
Jewellery
 h - an amulet of reflection (around neck)
 m - an amulet of faith
 u - an amulet of regeneration
 v - a ring of willpower (left hand)
Wands
 l - a wand of mindburst (13)
 t - a wand of flame (18)
 w - a wand of iceblast (6)
 x - a wand of light (12)
Scrolls
 i - a scroll of enchant weapon
 o - a scroll of butterflies
 q - a scroll of teleportation
Potions
 e - 2 potions of attraction
 f - 3 potions of heal wounds
 g - a potion of experience
 j - a potion of cancellation {unknown}
 k - 3 potions of curing
 n - a potion of magic
 s - a potion of berserk rage
 z - a potion of brilliance {unknown}


   Skills:
 - Level 1.7 Dodging
 - Level 1.4 Stealth
 + Level 9.9 Spellcasting
 - Level 0.8 Conjurations
 * Level 11.5 Fire Magic


You had 21 spell levels left.
You knew the following spells:

 Your Spells              Type           Power      Damage    Failure   Level
b - Scorch                Fire           100%       2d9       1%          2
c - Flame Wave            Conj/Fire      34%        2d10      5%          4
p - Foxfire               Conj/Fire      100%       2x1d9     1%          1

Your spell library contained the following spells:

 Spells                   Type           Power      Damage    Failure   Level
 Static Discharge         Conj/Air       22%        3-4/arc   9%          2
 Inner Flame              Hex/Fire       33%        N/A       1%          3
 Volatile Blastmotes      Fire/Tloc      66%        2d15      1%          3
 Sandblast                Erth           18%        2d7       7%          1
 Momentum Strike          Conj/Tloc      22%        3d8       9%          2
 Blink                    Tloc           18%        N/A       11%         2
 Lesser Beckoning         Tloc           18%        N/A       11%         2
 Stone Arrow              Conj/Erth      22%        3d8       19%         3
 Passwall                 Erth           9%         N/A       22%         3
 Brom's Barrelling Bould  Conj/Erth      11%        2d3       52%         4


Dungeon Overview and Level Annotations

Branches:
Dungeon (9/15)             Temple (1/1) D:6            Lair (0/5) D:8
 Bailey (visited)
    Orc: D:9-12

Altars:
Ashenzari
Cheibriados
Dithmenos
Elyvilon
Fedhas
Gozag
Hepliaklqana
Kikubaaqudgha
Makhleb
Nemelex Xobeh
Okawaru
Qazlal
Ru
Sif Muna
Trog
Uskayaw
Vehumet
Wu Jian
Xom
Yredelemnul
Zin
The Shining One

Shops:
D:2 [   D:6 :


Innate Abilities, Weirdness & Mutations

You are too large for most types of armour.
You have a pair of small horns on your head.
You have tough skin. (AC +1)
You gain doubled healing and magic from potions.
Whenever you drink a healing potion, you attack all around you.


Message History

* * * LOW HITPOINT WARNING * * *
Unknown command.
Casting: Scorch (safe; 1% risk of failure)
Confirm with . or Enter, or press ? or * to list all spells.
Flames lash the tengu warrior.
The tengu warrior is burned terribly!
The tengu warrior is severely wounded.
The centaur unwields a +0 orcbow.
You block the centaur's attack.
The centaur kicks you but does no damage.
The tengu warrior barely misses you. The tengu warrior pecks you.
* * * LOW HITPOINT WARNING * * *
The tengu warrior closely misses you.
Unknown command.
Unknown command.
Unknown command.
Casting: Scorch (safe; 1% risk of failure)
Confirm with . or Enter, or press ? or * to list all spells.
Flames lash the tengu warrior.
The tengu warrior is burned terribly!
The tengu warrior is almost dead.
You hear a roar!
You block the centaur's attack.
The centaur kicks you but does no damage.
An eight-headed hydra comes into view.
The tengu warrior hits you with a +0 war axe!!
* * * LOW HITPOINT WARNING * * *
The tengu warrior pecks you.
* * * LOW HITPOINT WARNING * * *
The tengu warrior claws you but does no damage.
The centaur barely misses you.
The centaur kicks you but does no damage.
You hear a bellow!
As you read the scroll of teleportation, it crumbles to dust.
You feel strangely unstable. The centaur hits you.
* * * LOW HITPOINT WARNING * * *
The centaur kicks you.
* * * LOW HITPOINT WARNING * * *
The tengu warrior slips past you! The tengu warrior barely misses you.
The tengu warrior closely misses you. The tengu warrior barely misses you.
The centaur wields a +0 orcbow.
The centaur shoots an arrow.
The arrow hits you!
You die...

$[# #...
#..# #...
#.. #..###
.... #....
.>##...#
#.#...#
###$#
#...c#†..$.#
#.Q..D..#
##.@###.#
###
#......#....
##........#
##...###.#
##
##......#...
##........#
#....###.#
#........#
##........


You could see an eight-headed hydra, a tengu warrior (combustible) and a centaur
(combustible).

Vanquished Creatures
  An orc knight (Bailey)
  Grinder (D:4)
  A wyvern (D:7)
  A steam dragon (D:8)
  Menkaure (D:4)
  2 water moccasins
  9 orc warriors
  2 sky beasts (D:6)
  3 black bears
  A centaur (D:6)
  5 ogres
  3 kobold brigands
  3 bullfrogs
  4 scorpions
  A killer bee (D:9)
  A howler monkey (D:8)
  3 orc priests
  A gnoll bouda (D:4)
  3 hounds
  A jelly (D:7)
  5 iguanas
  5 orc wizards
  2 sleepcaps (D:4)
  7 gnolls
  6 adders
  4 ribbon worms
  A dart slug (D:2)
  26 orcs
  10 ball pythons
  5 bats
  7 endoplasms
  A giant cockroach (D:4)
  5 goblins
  4 hobgoblins
  2 jackals (D:1)
  4 quokkas
  5 frilled lizards
  19 kobolds
  5 rats
170 creatures vanquished.

Vanquished Creatures (collateral kills)
  An orc warrior (Bailey)
  A gnoll (D:5)
  An orc (Bailey)
  9 kobolds
12 creatures vanquished.

Vanquished Creatures (others)
  A gnoll (D:4)
  A kobold (D:1)
  301 foxfires
303 creatures vanquished.

Grand Total: 485 creatures vanquished

Notes
Turn   | Place    | Note
-------+----------+-------------------------------------------
     0 | D:1      | lunkers the Oni Fire Elementalist began the quest for the
                  | Orb.
     0 | D:1      | Reached XP level 1. HP: 16/16 MP: 3/3
   131 | D:1      | Reached skill level 3 in Fire Magic
   131 | D:1      | Reached XP level 2. HP: 24/24 MP: 2/5
  1033 | D:2      | Found an iron altar of Okawaru.
  1061 | D:2      | Reached XP level 3. HP: 31/31 MP: 2/7
  1500 | D:2      | Found Qealiez's Armour Boutique.
  1514 | D:2      | Reached XP level 4. HP: 39/39 MP: 6/9
  1907 | D:3      | Identified the +8 dagger "Noeweot" {holy, Str+4}
  1912 | D:3      | Reached skill level 4 in Fire Magic
  1971 | D:3      | Noticed a shining eye
  1975 | D:3      | Found a faded altar of an unknown god.
  1978 | D:3      | Noticed a glass eye
  1995 | D:3      | Learned a level 2 spell: Scorch
  1995 | D:3      | Noticed a shining eye
  1995 | D:3      | Noticed a shining eye
  2277 | D:3      | You fall into a shaft and drop 1 floor!
  2289 | D:4      | Noticed Grinder
  2297 | D:4      | HP: 1/39 [Grinder (1)]
  2299 | D:4      | Killed Grinder
  2300 | D:4      | Reached skill level 5 in Fire Magic
  2300 | D:4      | Reached XP level 5. HP: 2/45 MP: 7/11
  2300 | D:4      | Reached XP level 6. HP: 2/53 MP: 7/12
  2790 | D:4      | Reached skill level 5 in Spellcasting
  2950 | D:4      | Noticed Menkaure
  2954 | D:4      | Killed Menkaure
  2955 | D:4      | Reached skill level 6 in Fire Magic
  2955 | D:4      | Reached XP level 7. HP: 59/59 MP: 9/14
  3930 | D:5      | Entered Level 5 of the Dungeon
  4032 | D:5      | Reached skill level 7 in Fire Magic
  4032 | D:5      | Reached XP level 8. HP: 67/67 MP: 9/17
  4333 | D:5      | Learned a level 4 spell: Flame Wave
  4609 | D:6      | Reached skill level 8 in Fire Magic
  5252 | D:6      | Reached XP level 9. HP: 74/74 MP: 12/20
  5324 | D:6      | Found Rinuguzu's Book Shop.
  5390 | D:6      | Reached skill level 9 in Fire Magic
  5687 | D:6      | Identified the +0 flail of Qaohi {flame, rF++}
  5724 | D:6      | Found a staircase to the Ecumenical Temple.
  5748 | Temple   | Entered the Ecumenical Temple
  5773 | Temple   | Became a worshipper of Vehumet
  6777 | D:7      | Reached skill level 10 in Fire Magic
  6892 | D:8      | Reached * piety under Vehumet
  6892 | D:8      | Offered knowledge of Sting by Vehumet.
  7108 | D:8      | Found a flagged portal.
  7120 | Bailey   | Entered a bailey
  7418 | Bailey   | Reached XP level 10. HP: 54/81 MP: 4/23
  7941 | Bailey   | Reached skill level 11 in Fire Magic
  8060 | Bailey   | Noticed an orc knight
  8242 | Bailey   | Killed an orc knight
  8511 | D:8      | Found a staircase to the Lair.
  8673 | D:8      | Found a hazy altar of Hepliaklqana.
  8894 | D:8      | Found a glowing golden altar of the Shining One.
  9214 | D:9      | Offered knowledge of Static Discharge by Vehumet.
  9214 | D:9      | Reached ** piety under Vehumet
  9336 | D:9      | Noticed a tengu warrior
  9347 | D:9      | Noticed an eight-headed hydra
  9348 | D:9      | HP: 4/81 [centaur (1)]
  9349 | D:9      | Shot with an arrow by a centaur

Illustrated notes

Levels and vault maps discovered:
D:1:      psy_arrival_radial01, layout_loops_ring
D:2:      layout_rooms, basic_altar, serial_shops, shop
D:3:      layout_basic, hellmonk_ecumenical_altar_watching_god
D:4:      wad_pebble_path, layout_loops_ring, hellmonk_no_cap, uniq_menkaure,
          uniq_grinder
D:5:      layout_cave_pools
D:6:      layout_basic, minmay_temple_entry_nine_rooms, serial_shops,
          nicolae_shop_trees
D:7:      layout_rooms
D:8:      layout_gridville, tso_metal_star, nicolae_hepliaklqana_hazy_memory,
          lair_entry_dummy, enter_bailey_7, dk_noncrumbling_4,
          chequers_serial_rivers_large_b
D:9:      hangedman_cross_stitches, layout_cave_pods,
          chequers_serial_rivers_small_a, eino_curves_01
Temple:   mainiacjoe_temple_cubbyholes

Skill      XL: |  1  2  3  4  5  6  7  8  9 10 |
---------------+-------------------------------+-----
Fire Magic     | 3 5 6 7 8 10 11 | 11.5
Spellcasting   | 3 4 5 6 7 9 |  9.9
Dodging        | |  1.7
Stealth        | |  1.4
Conjurations   | |  0.8

Action                     |  1- 3 |  4- 6 |  7- 9 | 10-12 || total
---------------------------+-------+-------+-------+-------++-------
  Melee: Dagger            |    38 |    37 |    44 |     1 ||   120
         Headbutt          |     5 |     7 |    10 |       ||    22
   Cast: Foxfire           |    55 |    35 |    71 |    18 ||   179
         Scorch            |       |    21 |   116 |    40 ||   177
         Flame Wave        |       |       |     1 |       ||     1
  Evoke: Wand              |       |       |       |     5 ||     5
    Use: Potion            |       |     2 |       |       ||     2
         Scroll            |       |       |    13 |     2 ||    15
   Stab: Sleeping          |     2 |       |       |       ||     2
         Distracted        |     1 |     1 |       |       ||     2
 Armour: Robe              |    37 |    40 |    69 |    42 ||   188
  Dodge: Dodged            |    21 |    24 |    56 |    17 ||   118
  Block: Other             |       |       |       |     4 ||     4
         Reflection        |       |       |       |     1 ||     1

Table legend: (Time is in decaauts)
 A = Elapsed time spent in this place.
 B = Non-inter-level travel time spent in this place.
 C = Inter-level travel time spent in this place.
 D = Time resting spent in this place.
 E = Time spent auto-exploring this place.
 F = Levels seen in this place.
 G = Mean time per level.
                   A        B        C        D        E       F      G
               +--------+--------+--------+--------+--------+-----+--------+
         Total |   9345 |   9177 |    168 |    169 |   7882 |  11 |  849.5 |
       Dungeon |   7765 |   7610 |    155 |      0 |   6696 |   9 |  862.8 |
        Temple |    258 |    245 |     13 |    169 |      0 |   1 |  258.0 |
        Bailey |   1321 |   1321 |      0 |      0 |   1186 |   1 | 1321.0 |
               +--------+--------+--------+--------+--------+-----+--------+

Top non-repeatable levels by time:
     D:6: 1366 daAuts
  Bailey: 1321 daAuts
     D:4: 1189 daAuts
     D:1: 1023 daAuts
     D:8: 957 daAuts
     D:2: 865 daAuts
     D:3: 849 daAuts
     D:5: 660 daAuts
     D:7: 654 daAuts
  Temple: 258 daAuts
     D:9: 197 daAuts
